ABL
CRONULLA SHARKS @ SOUTH SYDNEY RABBITOHS
08/02/2022
 
TOP OF THE 1ST
Cronulla Sharks batting - Pitching for South Sydney Rabbitohs : RHP Curtis Chatfield
Pitching: RHP Curtis Chatfield
Batting: LHB Nick Jeffcoate 0-0: Ball
1-0: SINGLE (Line Drive, 6M, EV 94.4 MPH)
Batting: RHB Sloan Windus 0-0: Ball
1-0: Ball
Nick Jeffcoate steals 2nd base
2-0: DOUBLE (Flyball, 8LXD, EV 100.6 MPH)
Nick Jeffcoate scores
Batting: LHB Bill Gower 0-0: Ball
1-0: Ground out 4-3 (Groundball, 4, EV 83.1 MPH)
Sloan Windus to third
Batting: RHB Asa Thatcher 0-0: Called Strike
0-1: Ball
1-1: Ball
2-1: Ball
3-1: Foul Ball, location: 9LSF
3-2: Strikes out swinging
Batting: RHB Mark Ryan 0-0: Called Strike
0-1: Ball
1-1: Called Strike
1-2: Ball
2-2: Strikes out swinging
Top of the 1st over - 1 run, 2 hits, 0 errors, 1 left on base; Cronulla 1 - South Sydney 0
BOTTOM OF THE 1ST
South Sydney Rabbitohs batting - Pitching for Cronulla Sharks : RHP Cavill Stupples
Pitching: RHP Cavill Stupples
Batting: LHB Clint Soper 0-0: Swinging Strike
0-1: Foul Ball, location: 2RF
0-2: Ball
1-2: Foul Ball, location: 2F
1-2: Ball
2-2: Foul Ball, location: 7LSFF
2-2: Fly out, F6 (Flyball, 4MD, EV 95.0 MPH)
Batting: RHB Ian Hogan 0-0: Ball
1-0: Ball
2-0: Called Strike
2-1: Foul Ball, location: 9LMF
2-2: Ground out 6-3 (Groundball, 6, EV 64.4 MPH)
Batting: RHB Kirby Hooley 0-0: Ball
1-0: Called Strike
1-1: Called Strike
1-2: Strikes out swinging
Bottom of the 1st over - 0 runs, 0 hits, 0 errors, 0 left on base; Cronulla 1 - South Sydney 0
TOP OF THE 2ND
Cronulla Sharks batting - Pitching for South Sydney Rabbitohs : RHP Curtis Chatfield
Batting: RHB Ollie Bullivant 0-0: Ball
1-0: Ball
2-0: Called Strike
2-1: Ball
3-1: Base on Balls
Batting: SHB Tony Alvarado 0-0: Ball
1-0: Swinging Strike
1-1: DOUBLE (Line Drive, 89D, EV 105.6 MPH)
Ollie Bullivant to third
Batting: SHB Bruno Collick 0-0: Called Strike
0-1: Ball
1-1: Foul Ball, location: 7LMF
1-2: Strikes out looking
Batting: RHB Cavill Stupples 0-0: Ball
1-0: Foul Ball, location: 9LMF
1-1: Foul Ball, location: 9LSF
1-2: Ball
2-2: Strikes out swinging
Batting: LHB Nick Jeffcoate 0-0: Foul Ball, location: 7LDF
0-1: Ball
1-1: Foul Ball, location: 23F
1-2: Ball
2-2: Foul Ball, location: 3FF
2-2: Strikes out swinging
Top of the 2nd over - 0 runs, 1 hit, 0 errors, 2 left on base; Cronulla 1 - South Sydney 0
BOTTOM OF THE 2ND
South Sydney Rabbitohs batting - Pitching for Cronulla Sharks : RHP Cavill Stupples
Batting: RHB Pete Vinson 0-0: Ball
1-0: Ball
2-0: Fly out, F2 (Popup, 2LF, EV 85.6 MPH)
Batting: RHB Michael Weyman 0-0: Swinging Strike
0-1: Ground out 6-3 (Groundball, 56D, EV 110.0 MPH)
Batting: RHB Arnie Bartelot 0-0: Called Strike
0-1: Ball
1-1: Foul Ball, location: 3DF
1-2: Fly out, F9 (Flyball, 9LM, EV 95.0 MPH)
Bottom of the 2nd over - 0 runs, 0 hits, 0 errors, 0 left on base; Cronulla 1 - South Sydney 0
TOP OF THE 3RD
Cronulla Sharks batting - Pitching for South Sydney Rabbitohs : RHP Curtis Chatfield
Batting: RHB Sloan Windus 0-0: Ball
1-0: Ball
2-0: Called Strike
2-1: SINGLE (Groundball, 6MD, EV 100.0 MPH)
Batting: LHB Bill Gower 0-0: Called Strike
0-1: Swinging Strike
0-2: Fielders Choice at 2nd, 3-6 (Groundball, 3, EV 83.8 MPH)
Batting: RHB Asa Thatcher 0-0: Called Strike
0-1: Ball
1-1: Hit by Pitch
Bill Gower to second
Batting: RHB Mark Ryan 0-0: Ball
1-0: Ball
2-0: Called Strike
2-1: Called Strike
2-2: Strikes out looking
Batting: RHB Ollie Bullivant 0-0: Ball
1-0: Called Strike
1-1: Ball
2-1: Foul Ball, location: 3F
2-2: Strikes out swinging
Top of the 3rd over - 0 runs, 1 hit, 0 errors, 2 left on base; Cronulla 1 - South Sydney 0
BOTTOM OF THE 3RD
South Sydney Rabbitohs batting - Pitching for Cronulla Sharks : RHP Cavill Stupples
Batting: RHB Axel Winson 0-0: Foul Ball, location: 7LMF
0-1: Ball
1-1: Foul Ball, location: 9LMF
1-2: Fly out, F8 (Flyball, 8RS, EV 93.1 MPH)
Batting: RHB Oliver Trick 0-0: Foul Ball, location: 5FF
0-1: Foul Ball, location: 25FF
0-2: Strikes out swinging
Batting: RHB Curtis Chatfield 0-0: Foul Ball, location: 2F
0-1: Ball
1-1: Ball
2-1: Ground out 1-3 (Groundball, 34S, EV 66.9 MPH)
Bottom of the 3rd over - 0 runs, 0 hits, 0 errors, 0 left on base; Cronulla 1 - South Sydney 0
TOP OF THE 4TH
Cronulla Sharks batting - Pitching for South Sydney Rabbitohs : RHP Curtis Chatfield
Batting: SHB Tony Alvarado 0-0: Called Strike
0-1: Foul Ball, location: 2F
0-2: Ball
1-2: Strikes out swinging
Batting: SHB Bruno Collick 0-0: Ground out 4-3 (Groundball, 4, EV 108.1 MPH)
Batting: RHB Cavill Stupples 0-0: Foul Ball, location: 9LMF
0-1: Swinging Strike
0-2: Ball
1-2: Strikes out swinging
Top of the 4th over - 0 runs, 0 hits, 0 errors, 0 left on base; Cronulla 1 - South Sydney 0
BOTTOM OF THE 4TH
South Sydney Rabbitohs batting - Pitching for Cronulla Sharks : RHP Cavill Stupples
Batting: LHB Clint Soper 0-0: Called Strike
0-1: Swinging Strike
0-2: Ground out 4-3 (Groundball, 4, EV 98.8 MPH)
Batting: RHB Ian Hogan 0-0: Ball
1-0: Called Strike
1-1: Called Strike
1-2: Strikes out looking
Batting: RHB Kirby Hooley 0-0: Called Strike
0-1: Fly out, F8 (Flyball, 8RD, EV 78.8 MPH)
Bottom of the 4th over - 0 runs, 0 hits, 0 errors, 0 left on base; Cronulla 1 - South Sydney 0
TOP OF THE 5TH
Cronulla Sharks batting - Pitching for South Sydney Rabbitohs : RHP Curtis Chatfield
Batting: LHB Nick Jeffcoate 0-0: Called Strike
0-1: Ball
1-1: Swinging Strike
1-2: Foul Ball, location: 2F
1-2: Ball
2-2: Ground out 4-3 (Groundball, 4, EV 83.1 MPH)
Batting: RHB Sloan Windus 0-0: Ball
1-0: Ball
2-0: Swinging Strike
2-1: Swinging Strike
2-2: Strikes out swinging
Pitching: RHP Lionel Hughes
Batting: LHB Bill Gower 0-0: Ball
1-0: Ground out 5-3 (Groundball, 5, EV 82.5 MPH)
Top of the 5th over - 0 runs, 0 hits, 0 errors, 0 left on base; Cronulla 1 - South Sydney 0
BOTTOM OF THE 5TH
South Sydney Rabbitohs batting - Pitching for Cronulla Sharks : RHP Cavill Stupples
Batting: RHB Pete Vinson 0-0: Ball
1-0: Foul Ball, location: 2F
1-1: Swinging Strike
1-2: Ball
2-2: Foul Ball, location: 5DF
2-2: Ball
3-2: Base on Balls
Batting: RHB Michael Weyman 0-0: Fly out, F8 (Flyball, 8LD, EV 100.6 MPH)
Batting: RHB Arnie Bartelot 0-0: Swinging Strike
0-1: Foul Ball, location: 7LSFF
0-2: Ball
1-2: Ball
2-2: Foul Ball, location: 25FF
2-2: SINGLE (Line Drive, 9LS, EV 91.9 MPH)
Pete Vinson to second
Batting: RHB Axel Winson 0-0: Ball
1-0: Foul Ball, location: 2F
1-1: Foul Ball, location: 2LF
1-2: Ball
2-2: DOUBLE (Line Drive, 3D, EV 95.0 MPH)
Pete Vinson scores
Arnie Bartelot to third
Runner from 3rd tries for Home, SAFE, throw by RF to home
Batting: RHB Oliver Trick 0-0: Called Strike
0-1: Ball
1-1: Swinging Strike
1-2: Foul Ball, location: 2F
1-2: Strikes out looking
Pinch Hitting: SHB Orren Norwood 0-0: Ball
1-0: Ball
2-0: Ball
3-0: Called Strike
3-1: Foul Ball, location: 2LF
3-2: Foul Ball, location: 5SF
3-2: Strikes out looking
Bottom of the 5th over - 2 runs, 2 hits, 0 errors, 1 left on base; Cronulla 1 - South Sydney 2
TOP OF THE 6TH
Cronulla Sharks batting - Pitching for South Sydney Rabbitohs : RHP Lionel Hughes
Pitching: LHP Ben Pearn
Batting: RHB Asa Thatcher 0-0: Called Strike
0-1: Ball
1-1: Ball
2-1: Foul Ball, location: 2F
2-2: Ball
3-2: Base on Balls
Batting: RHB Mark Ryan 0-0: Ball
Pickoff Throw to First - Out! 1-3 CS
1-0: Swinging Strike
1-1: Foul Ball, location: 3F
1-2: Strikes out swinging
Batting: RHB Ollie Bullivant 0-0: Called Strike
0-1: Ball
1-1: DOUBLE (Line Drive, 5D, EV 94.4 MPH)
Batting: SHB Tony Alvarado 0-0: Ball
1-0: Swinging Strike
1-1: Swinging Strike
1-2: 2-RUN HOME RUN (Flyball, 7D, EV 104.4 MPH), Distance : 405 ft
Batting: SHB Bruno Collick 0-0: Ball
1-0: Ball
2-0: Foul Ball, location: 2F
2-1: Swinging Strike
2-2: Ground out 6-3 (Groundball, 6, EV 100.6 MPH)
Top of the 6th over - 2 runs, 2 hits, 0 errors, 0 left on base; Cronulla 3 - South Sydney 2
BOTTOM OF THE 6TH
South Sydney Rabbitohs batting - Pitching for Cronulla Sharks : RHP Cavill Stupples
Batting: LHB Clint Soper 0-0: Called Strike
0-1: Swinging Strike
0-2: Strikes out looking
Batting: RHB Ian Hogan 0-0: Called Strike
0-1: Foul Ball, location: 5FF
0-2: Ball
1-2: Fly out, F7 (Flyball, 7D, EV 80.0 MPH)
Batting: RHB Kirby Hooley 0-0: Ball
1-0: Ball
2-0: Called Strike
2-1: Foul Ball, location: 5DF
2-2: Ground out 6-3 (Groundball, 6M, EV 86.3 MPH)
Bottom of the 6th over - 0 runs, 0 hits, 0 errors, 0 left on base; Cronulla 3 - South Sydney 2
TOP OF THE 7TH
Cronulla Sharks batting - Pitching for South Sydney Rabbitohs : LHP Ben Pearn
Batting: RHB Cavill Stupples 0-0: Called Strike
0-1: Ball
1-1: Swinging Strike
1-2: DOUBLE (Line Drive, 5D, EV 99.4 MPH)
Batting: LHB Nick Jeffcoate 0-0: Called Strike
0-1: Ground out U3 (Groundball, 13, EV 81.3 MPH)
Cavill Stupples to third
Batting: RHB Sloan Windus 0-0: Called Strike
0-1: Ball
1-1: Called Strike
1-2: Strikes out looking
Pitching: LHP Tony Minet
Pinch Hitting: RHB John Elkington 0-0: Ball
1-0: Foul Ball, location: 25FF
1-1: Called Strike
1-2: Foul Ball, location: 9LSF
1-2: Ball
2-2: Ball
3-2: Foul Ball, location: 2LF
3-2: Foul Ball, location: 2F
3-2: Ground out 5-3 (Groundball, 5, EV 106.9 MPH)
Top of the 7th over - 0 runs, 1 hit, 0 errors, 1 left on base; Cronulla 3 - South Sydney 2
BOTTOM OF THE 7TH
South Sydney Rabbitohs batting - Pitching for Cronulla Sharks : RHP Cavill Stupples
Now in LF: Brad Junee
Batting: RHB Pete Vinson 0-0: Called Strike
0-1: SINGLE (Line Drive, 9S, EV 99.4 MPH)
Batting: RHB Michael Weyman 0-0: Ball
1-0: Ball
2-0: Called Strike
2-1: Swinging Strike
2-2: Ball
Balk!
Pete Vinson to second
3-2: Foul Ball, location: 7LSF
3-2: Fly out, F7 (Flyball, 7LM, EV 96.9 MPH)
Batting: RHB Arnie Bartelot 0-0: Ball
1-0: Ball
2-0: Ball
3-0: Called Strike
3-1: Foul Ball, location: 2F
3-2: Base on Balls
Pitching: RHP Coltyn Beardsley
Batting: RHB Axel Winson 0-0: Called Strike
0-1: Swinging Strike
0-2: Ball
1-2: Ball
2-2: Fielders Choice at 2nd, 5-4 (Groundball, 5, EV 89.4 MPH)
Pete Vinson to third
Batting: RHB Oliver Trick 0-0: Ball
1-0: Fly out, F8 (Flyball, 8LXD, EV 109.4 MPH)
Bottom of the 7th over - 0 runs, 1 hit, 0 errors, 2 left on base; Cronulla 3 - South Sydney 2
TOP OF THE 8TH
Cronulla Sharks batting - Pitching for South Sydney Rabbitohs : LHP Tony Minet
Batting: RHB Asa Thatcher 0-0: Called Strike
0-1: Ball
1-1: Ball
2-1: DOUBLE (Flyball, 78XD, EV 107.5 MPH)
Batting: RHB Mark Ryan 0-0: Intentional Walk
Pinch Runner at 2nd Joel Aylett:
Batting: RHB Ollie Bullivant 0-0: Ball
1-0: Bunt - Flyout to 13S! F1
Batting: SHB Tony Alvarado 0-0: Called Strike
0-1: Fielders Choice at 2nd, 3-6 (Groundball, 3, EV 83.8 MPH)
Joel Aylett to third
Batting: SHB Bruno Collick 0-0: Called Strike
0-1: Ball
1-1: Fly out, F3 (Popup, 34, EV 64.4 MPH)
Top of the 8th over - 0 runs, 1 hit, 0 errors, 2 left on base; Cronulla 3 - South Sydney 2
BOTTOM OF THE 8TH
South Sydney Rabbitohs batting - Pitching for Cronulla Sharks : RHP Coltyn Beardsley
Now at 3B: Rhys Bloor
Pinch Hitting: SHB Quentin Pursglove 0-0: Swinging Strike
0-1: Swinging Strike
0-2: Fly out, F3 (Line Drive, 3L, EV 65.6 MPH)
Batting: LHB Clint Soper 0-0: Foul Ball, location: 23F
0-1: Swinging Strike
0-2: Ball
1-2: Ball
2-2: DOUBLE (Line Drive, 78XD, EV 102.5 MPH)
Batting: RHB Ian Hogan 0-0: Foul Ball, location: 2F
0-1: Ball
1-1: Ball
2-1: Swinging Strike
2-2: Ground out 4-3 (Groundball, 4, EV 105.0 MPH)
Clint Soper to third
Batting: RHB Kirby Hooley 0-0: Foul Ball, location: 5FF
0-1: Ball
1-1: Swinging Strike
1-2: Ball
2-2: Ball
3-2: Foul Ball, location: 9LMF
3-2: Strikes out looking
Bottom of the 8th over - 0 runs, 1 hit, 0 errors, 1 left on base; Cronulla 3 - South Sydney 2
TOP OF THE 9TH
Cronulla Sharks batting - Pitching for South Sydney Rabbitohs : LHP Tony Minet
Pitching: RHP Geoff Medley
Pinch Hitting: RHB John Fay 0-0: Ball
1-0: Ball
2-0: Called Strike
2-1: Swinging Strike
2-2: Strikes out swinging
Batting: LHB Nick Jeffcoate 0-0: Ball
1-0: Called Strike
1-1: Ground out U3 (Groundball, 3, EV 85.0 MPH)
Batting: RHB Sloan Windus 0-0: Foul Ball, location: 5DF
0-1: Foul Ball, location: 9LMF
0-2: Ball
1-2: Fly out, F4 (Popup, 34S, EV 81.3 MPH)
Top of the 9th over - 0 runs, 0 hits, 0 errors, 0 left on base; Cronulla 3 - South Sydney 2
BOTTOM OF THE 9TH
South Sydney Rabbitohs batting - Pitching for Cronulla Sharks : RHP Coltyn Beardsley
Pitching: RHP Eric Jolly
Batting: RHB Pete Vinson 0-0: Ball
1-0: Foul Ball, location: 2LF
1-1: Ball
2-1: Swinging Strike
2-2: Foul Ball, location: 9LSF
2-2: Foul Ball, location: 7LMF
2-2: Fly out, F4 (Popup, 4M, EV 70.0 MPH)
Batting: RHB Michael Weyman 0-0: Foul Ball, location: 9LMF
0-1: Ball
1-1: Ball
2-1: Called Strike
2-2: Ball
3-2: Ground out 6-3 (Groundball, 6M, EV 88.1 MPH)
Batting: RHB Arnie Bartelot 0-0: Foul Ball, location: 9LSF
0-1: Foul Ball, location: 23FF
0-2: Strikes out looking
Bottom of the 9th over - 0 runs, 0 hits, 0 errors, 0 left on base; Cronulla 3 - South Sydney 2
Tuesday, April 30th , 2024 - OOTP Baseball 24.9 Build 80